AoeStats
← xjullhcx

Arabia

509545016Analyzed
1v1 RM · 4d ago on Sep 27, 2026· 47m 32s· 2 players
Game mode
Random Map
Map size
Tiny (2 player)
Population
200
Speed
Normal
Resources
Standard
Victory
Conquest
Starting age
Dark Age
Ending age
Imperial Age
RankedLock teamsTeams togetherTeam positionsShared explorationLock speedFull tech treeHidden civsTurbo modeCheats
Victory
Defeat
🇮🇳 Dravidians · India
422
+9
🇨🇴 Byzantines · Colombia
261
-9
xjullhcx
13:10 Feudal Age
13:32 Loom
30:39 Castle Age
33:13 Gold Mining
35:22 Double-Bit Axe
40:27 Stone Mining
41:13 Gold Shaft Mining
amazingkabali
6:39 Loom
10:04 Feudal Age
10:32 Double-Bit Axe
10:32 Horse Collar
11:45 Wheelbarrow
11:02 Town Watch
25:36 Gold Mining
26:05 Man-at-Arms
26:32 Arson
26:47 Fletching
27:07 Forging
26:58 Scale Mail Armor
26:58 Padded Archer Armor
27:06 Scale Barding Armor
27:02 Stone Mining
29:48 Castle Age
30:41 Bow Saw
30:35 Heavy Plow
35:46 Imperial Age
33:24 Bodkin Arrow
34:05 Iron Casting
32:53 Crossbowman
32:58 Long Swordsman
32:58 Pikeman
33:24 Gambesons
33:40 Squires
34:55 Fortified Wall
34:44 Murder Holes
36:26 Thumb Ring
36:49 Hand Cart
37:55 Ballistics
37:02 Elite Skirmisher
39:30 Two-Handed Swordsman
39:33 Halberdier
40:30 Arbalester
44:02 Champion
47:25 Blast Furnace
46:26 Bracer
46:42 Leather Archer Armor
Connection lost

Rejoining the realm…

Still unreachable

The connection could not be restored.

Session expired

The server has moved on; the page needs a fresh start.